 Dungeon Crawl Stone Soup version 0.26.1-11-gd32895ea62 (webtiles) character file.

Game seed: 8029727863511860160

16 Zeld the Insei (level 2, -1/18 HPs)
             Began as an Octopode Transmuter on May 28, 2021.
             Slain by a jackal (2 damage)
             ... on level 3 of the Dungeon.
             The game lasted 00:00:48 (663 turns).

Zeld the Insei (Octopode Transmuter)                 Turns: 663, Time: 00:00:49

Health: -1/18      AC:  1    Str:  9    XL:     2   Next: 54%
Magic:  3/5        EV: 13    Int: 15    God:
Gold:   15         SH:  0    Dex: 12    Spells: 2/5 levels left

rFire    . . .     SeeInvis .     - Unarmed
rCold    . . .     Faith    .   (no shield)
rNeg     . . .     Spirit   .   (helmet restricted)
rPois    .         Reflect  .   (no amulet)
rElec    .         Harm     .   (no ring)
rCorr    .         Rampage  .   (no ring)
Will     .....                  (no ring)
Stlth    ++........             (no ring)
HPRegen  0.06/turn              (no ring)
MPRegen  0.09/turn              (no ring)
                                (no ring)
                                (no ring)

@: wereblooded
A: almost no armour, stealthy swim, amphibious, 8 rings, constrict 8, camouflage
1, gelatinous body 1
a: no special abilities


You were on level 3 of the Dungeon.
You visited 1 branch of the dungeon, and saw 4 of its levels.

You collected 15 gold pieces.

Inventory:

Scrolls
 a - a scroll of teleportation {unknown}


   Skills:
 + Level 1.2 Fighting
 + Level 2.2 Dodging
 - Level 3.0 Unarmed Combat
 * Level 2.3 Spellcasting
 * Level 2.3 Transmutations


You had 2 spell levels left.
You knew the following spells:

 Your Spells              Type           Power        Failure   Level
a - Beastly Appendage     Tmut           16%          9%          1
b - Wereblood             Tmut           8%           12%         2

Your spell library contained the following spells:

 Spells                   Type           Power        Failure   Level
 Spider Form              Tmut/Pois      2%           36%         3
 Ice Form                 Ice/Tmut       5%           78%         4
 Blade Hands              Tmut           4%           92%         5


Dungeon Overview and Level Annotations

Branches:
Dungeon (4/15)
 Temple: D:4-7

Altars:


Innate Abilities, Weirdness & Mutations

You cannot wear most types of armour.
You are very stealthy in the water. (Stealth+)
You are amphibious.
You can wear up to eight rings at the same time.
You can use your tentacles to constrict eight enemies at once.
Your skin changes colour to match your surroundings (Stealth+).
Your rubbery body absorbs attacks. (AC +1, EV +1)


Message History

The jackal misses you.
You climb upwards.
There is a stone staircase leading down, spattered with blood here.
The jackal closely misses you.
You closely miss the jackal. Your grab misses the jackal.
You squeeze the jackal.
The jackal is almost dead.
The jackal closely misses you. The jackal barely misses you.
You tentacle-slap the jackal but do no damage.
You grab the jackal.
Your tentacle spike misses the jackal.
Your tentacle spike disappears.
You constrict the jackal. The jackal bites you.
* * * LOW HITPOINT WARNING * * *
The jackal bites you.
* * * LOW HITPOINT WARNING * * *
The jackal barely misses you.
You tentacle-slap the jackal. x2
You kill the jackal!
The jackal misses you. The jackal bites you.
You die...

#.......# #.# #.......#
#.# #.......#####.#
#########.......'.....#
................#####<#
#########.......# #.#
#...#########.# ##..#
#....# #†@# #.#..#
##h#### #.##.# #>...#
#.####### ##†#.#
#.......# #.#.#
#######.# #.#.# ....#
#.#.# .....#. #.#.#
......#.#
#...#o......#.#


You could see a jackal.

Vanquished Creatures
  A dart slug (D:1)
  4 goblins (D:1)
  A hobgoblin (D:1)
  4 jackals
  A kobold (D:1)
  A rat (D:1)
12 creatures vanquished.

Notes
Turn   | Place    | Note
-------+----------+-------------------------------------------
     0 | D:1      | Zeld the Octopode Transmuter began the quest for the Orb.
     0 | D:1      | Reached XP level 1. HP: 13/13 MP: 3/3
    83 | D:1      | Reached XP level 2. HP: 18/18 MP: 3/5
   267 | D:1      | Learned a level 2 spell: Wereblood
   663 | D:3      | Slain by a jackal

Illustrated notes

Levels and vault maps discovered:
D:1:      minmay_arrival_doors, layout_basic, minivault_4, minivault_26,
          minmay_lizard_king
D:2:      layout_basic, chequers_ecumenical_altar_grove, st_stairs_10,
          kennysheep_cross_room, serial_bayou_crossing
D:3:      layout_basic, serial_co_window_serial, co_window_paths_b,
          co_window_corner_a, co_window_corner_a, co_window_of_opportunity_a,
          co_window_cross_1, co_window_corner_b, co_window_corner_b,
          co_window_corner_ca, co_window_corner_ca, co_window_4corner_b,
          co_window_paths_e, glass_columns_a, glass_columns_c, glass_columns_a,
          amcnicky_mini_pool_small
D:4:      lemuel_castle_with_subvaults [lemuel_castle_interior_original],
          layout_rooms, elyvilon_altar_3, minmay_temple_entry_large_hall,
          ebering_ghost_rock_garden

Action                   || total
-------------------------++-------
Melee: Unarmed           ||    26
       Constrict         ||     6
       Kick              ||     3
       Punch             ||     3
       Tentacles         ||     2
 Cast: Beastly Appendage ||     4
       Wereblood         ||     1
Armor: Skin              ||     1
Dodge: Dodged            ||    22
